 Seeded DCSS version 0.27-a0-1381-g81fdcbf (webtiles) character file.

Game seed: 7097923925329607158 (custom seed)

115 Illumine the Cudgeller (level 4, -2/36 HPs)
             Began as a Minotaur Chaos Knight on June 29, 2021.
             Was a Plaything of Xom.
             Killed by divine providence
             ... invoked by an orc priest
             ... summoned by Xom
              (9 damage)
             ... on level 3 of the Dungeon.
             The game lasted 00:04:18 (1876 turns).

Illumine the Cudgeller (Minotaur Chaos Knight)      Turns: 1876, Time: 00:04:19

Health: -2/36      AC: 10    Str: 18    XL:     4   Next: 68%
Magic:  3/3        EV: 26    Int:  9    God:    Xom [.*....]
Gold:   83         SH:  0    Dex:  9    Spells: 3/3 levels left

rFire    . . .     SeeInvis .   a - +0 mace (chaos)
rCold    . . .     Faith    .   (no shield)
rNeg     . . .     Spirit   .   d - +0 ring mail
rPois    .         Reflect  .   (helmet unavailable)
rElec    .         Harm     .   (no cloak)
rCorr    .         Rampage  .   (no gloves)
Will     .....                  c - +0 pair of boots
Stlth    ..........             n - amulet of the acrobat
HPRegen  0.12/turn              o - +4 ring of protection
MPRegen  0.08/turn              (no ring)

@: acrobatic
A: horns 3, retaliatory headbutt, frail 1, wild magic 1
a: Renounce Religion


You were on level 3 of the Dungeon.
You worshipped Xom.
You were a plaything of Xom.
You visited 1 branch of the dungeon, and saw 3 of its levels.

You collected 83 gold pieces.

Inventory:

Hand Weapons
 a - a +0 mace of chaos (weapon)
Missiles
 p - 3 atropa-tipped darts (quivered)
Armour
 b - a +2 leather armour
 c - a +0 pair of boots (worn)
 d - a +0 ring mail (worn)
Jewellery
 g - a ring of magical power
 n - an amulet of the acrobat (around neck)
 o - a +4 ring of protection (left hand)
Scrolls
 e - a scroll of noise {unknown}
 h - a scroll of enchant armour {unknown}
 i - 3 scrolls of teleportation {unknown}
 q - a scroll of immolation {unknown}
Potions
 f - a potion of degeneration {unknown}
 j - a potion of lignification {unknown}
 k - a potion of mutation {unknown}
 l - a potion of curing {unknown}
 m - a potion of brilliance {unknown}


   Skills:
 + Level 4.4 Fighting
 * Level 5.2 Maces & Flails
 + Level 3.5 Armour
 + Level 1.8 Dodging


You had 3 spell levels left.
You didn't know any spells.
Your spell library was empty.

Dungeon Overview and Level Annotations

Branches:
Dungeon (3/15)

Altars:

Annotations:
D:3 Robin


Innate Abilities, Weirdness & Mutations

You have a pair of large horns on your head.
You reflexively headbutt those who attack you in melee.
You are frail. (-10% HP)
Your spells are a little harder to cast, but a little more powerful.


Message History

You headbutt the orc priest. The gnoll closely misses you.
You closely miss the orc priest.
The orc priest is almost dead.
The orc priest is no longer blind.
The gnoll misses you.
You barely miss the orc. The gnoll barely misses you.
You hit the orc.
The orc is heavily wounded.
The orc barely misses you. You furiously retaliate!
You headbutt the orc!
You kill the orc!
The orc's corpse disappears in a puff of smoke!
The gnoll hits you from afar with a +0 spear.
You hit the adder but do no damage.
The orc priest invokes the aid of Xom against you.
Xom smites you! The gnoll closely misses you. The adder barely misses you.
Okay, then.
Okay, then.
The gnoll completely misses you. You furiously retaliate!
You headbutt the gnoll. The adder bites you but does no damage.
You see here a +0 whip.
You hit the gnoll. You burn the gnoll.
The gnoll is heavily wounded.
The gnoll hits you with a +0 spear.
* * * LOW HITPOINT WARNING * * *
The adder closely misses you. The gnoll barely misses you.
Unknown command.
You hit the gnoll. You headbutt the gnoll.
You kill the gnoll!
The adder bites you.
* * * LOW HITPOINT WARNING * * *
The orc priest looks encouraged for a moment.
The adder completely misses you.
You hit the frilled lizard. You freeze the frilled lizard.
You kill the frilled lizard!
The adder bites you but does no damage.
You completely miss the adder. Your headbutt misses the adder.
The adder misses you. The adder closely misses you. You furiously retaliate!
You headbutt the adder.
The orc priest invokes the aid of Xom against you.
Xom smites you!
You die...

## , , g. , ,,,* *
#. , , , #.
#.########### ***
*
...##......(.....
,, ,,
..................
, ,
....#####.########
,* , ... #@# , **
. #)# * , ,, #S#
,,* * ###o#######
,*** ##.ooo......,
,, , ,
##....#######* **
#..P♣..# *
#...♣..# , * *
##.....# *


You could see an orc priest (summoned), an adder (summoned) and 3 orcs.

Vanquished Creatures
  6 gnolls
  An adder (D:1)
  2 dart slugs
  3 endoplasms
  3 giant cockroaches
  5 goblins
  3 hobgoblins
  7 jackals
  A quokka (D:1)
  4 ball pythons
  3 bats
  3 frilled lizards
  2 kobolds
  3 rats
46 creatures vanquished.

Notes
Turn   | Place    | Note
-------+----------+-------------------------------------------
     0 | D:1      | Illumine the Minotaur Chaos Knight began the quest for the
                  | Orb.
     0 | D:1      | Reached XP level 1. HP: 19/19 MP: 0/0
    46 | D:1      | Found a faded altar of an unknown god.
    97 | D:1      | Reached skill level 4 in Maces & Flails
    99 | D:1      | Reached XP level 2. HP: 24/27 MP: 1/1
   739 | D:1      | XOM: give mutations
   739 | D:1      | Gained mutation: You have a pair of large horns on your
                  | head. [Xom's grace]
   739 | D:1      | Gained mutation: Your spells are a little harder to cast,
                  | but a little more powerful. [Xom's grace]
   739 | D:1      | Gained mutation: Your mind is acute. (Int +2) [Xom's grace]
   742 | D:1      | Reached XP level 3. HP: 32/33 MP: 2/2
   777 | D:2      | XOM: silly message
   947 | D:2      | XOM: give mutations
   947 | D:2      | Lost mutation: Your mind is acute. (Int +2) [Xom's
                  | mischief]
   947 | D:2      | Gained mutation: You are frail. (-10% HP) [Xom's mischief]
  1149 | D:2      | XOM: draining
  1494 | D:2      | Reached XP level 4. HP: 32/34 MP: 3/3
  1501 | D:2      | Reached skill level 5 in Maces & Flails
  1773 | D:3      | Noticed Robin
  1775 | D:3      | Noticed a phantom
  1775 | D:3      | XOM: divination: magic mapping
  1861 | D:3      | XOM: summons 3 hostile shadow creatures
  1876 | D:3      | Killed from afar by an orc priest

Illustrated notes

Levels and vault maps discovered:
D:1:      dpeg_arrival_court, layout_loops_ring,
          shapermc_ecumenical_altar_totnotflames
D:2:      layout_basic
D:3:      minmay_bubble_buster, layout_basic, st_stairs_4, serial_park_tiny_1,
          uniq_robin, uniq_sigmund

Skill      XL: |  1  2  3  4 |
---------------+-------------+-----
Maces & Flails | 4 5 |  5.2
Fighting       | 4 |  4.4
Armour         | 3 |  3.5
Dodging        | |  1.8

Action                   |  1- 3 |  4- 6 || total
-------------------------+-------+-------++-------
Melee: Mace              |    61 |    31 ||    92
       Headbutt          |     8 |     3 ||    11
Throw: Dart              |       |     1 ||     1
 Stab: Invisible         |       |     1 ||     1
Armor: Ring mail         |    28 |    14 ||    42
       Leather armour    |     1 |       ||     1
Dodge: Dodged            |    18 |    35 ||    53

Table legend: (Time is in decaauts)
 A = Elapsed time spent in this place.
 B = Non-inter-level travel time spent in this place.
 C = Inter-level travel time spent in this place.
 D = Time resting spent in this place.
 E = Time spent auto-exploring this place.
 F = Levels seen in this place.
 G = Mean time per level.
                   A        B        C        D        E       F      G
               +--------+--------+--------+--------+--------+-----+--------+
         Total |   1893 |   1774 |    119 |    265 |   1165 |   3 |  631.0 |
       Dungeon |   1893 |   1774 |    119 |    265 |   1165 |   3 |  631.0 |
               +--------+--------+--------+--------+--------+-----+--------+

Top non-repeatable levels by time:
     D:1: 943 daAuts
     D:2: 875 daAuts
     D:3: 74 daAuts
